 Dungeon Crawl Stone Soup version 0.29.1-12-g30fa7ad0bf (webtiles) character file.

Game seed: 8140205127579569814

25 croobank the Sneak (level 2, -7/14 HPs)
             Began as a Felid Delver on Jan 12, 2023.
             Was an Initiate of Sif Muna.
             Engulfed by a cloud of flame (21 damage)
             ... on level 1 of the Dungeon.
             The game lasted 00:04:21 (1602 turns).

croobank the Sneak (Felid Delver)                   Turns: 1602, Time: 00:04:22

Health: -7/14      AC:  1    Str:  8    XL:     2   Next: 82%
Magic:  4/4        EV: 18    Int: 11    God:    Sif Muna [......]
Gold:   100        SH:  0    Dex: 17    Spells: 2/2 levels left
                                        Lives:  0   Deaths: 0

rFire   . . .      SeeInvis +     - Unarmed
rCold   . . .      Faith    .   (shield unavailable)
rNeg    . . .      Spirit   .   (body armour unavailable)
rPois   .          Reflect  .   (helmet unavailable)
rElec   .          Harm     .   (cloak unavailable)
rCorr   .          Rampage  .   (gloves unavailable)
Will    .....                   (boots unavailable)
Stlth   ++++......              (no amulet)
HPRegen 0.04/turn               (no ring)
MPRegen 0.09/turn               (no ring)

@: quick
A: very small, claws 1, fangs 3, see invisible, speed 1, shaggy fur 1, stealthy
paws, no weapons or thrown items, no armour, multi-lived
a: Renounce Religion


You were on level 1 of the Dungeon.
You worshipped Sif Muna.
Sif Muna was noncommittal.
You visited 1 branch of the dungeon, and saw 7 of its levels.

You collected 100 gold pieces.

Inventory:

Wands
 e - a wand of digging (3)
Scrolls
 a - a scroll of fog
 b - a scroll of magic mapping
 c - a scroll of fear
 g - a scroll of amnesia {unknown}
 i - a scroll of identify {unknown}
 j - a scroll of teleportation {unknown}
 k - a scroll of poison {unknown}
 l - a scroll of brand weapon {unknown}
Potions
 d - 2 potions of haste
 f - a potion of degeneration {unknown}
 h - a potion of cancellation {unknown}
 m - a potion of brilliance {unknown}
 n - a potion of curing {unknown}


   Skills:
 + Level 3.2 Fighting
 + Level 3.1 Dodging
 + Level 6.8 Stealth
 + Level 2.3 Unarmed Combat
 + Level 0.8 Spellcasting


You had 2 spell levels left.
You didn't know any spells.
Your spell library contained the following spells:

 Spells                   Type           Power      Damage    Failure   Level
 Ensorcelled Hibernation  Hex/Ice        0%         N/A       45%         2
 Spider Form              Tmut/Pois      0%         N/A       69%         3
 Anguish                  Hex/Necr       0%         N/A       97%         4


Dungeon Overview and Level Annotations

Branches:
Dungeon (7/15)             Temple (0/1) D:5

Altars:
Makhleb
Sif Muna

Shops:
D:1 :

Annotations:
D:6 Maggie


Innate Abilities, Weirdness & Mutations

You have sharp claws.
You have razor-sharp teeth.
You have supernaturally acute eyesight. (SInv)
You cover ground quickly. (Speed+)
You are covered in fur. (AC +1)
Your paws help you pounce on unaware monsters.
You are incapable of wielding weapons or throwing items.
You cannot wear armour.
You gain extra lives every three experience levels.


Message History

No target in view!
Found 3 gold pieces.
d - 2 potions of haste (gained 1)
You pick up a book of Dreams and begin reading...
You add the spells Ensorcelled Hibernation, Spider Form and Anguish to your library.
m - an inky potion You now have 100 gold pieces (gained 3).
There is an entrance to Kobet's Vocational Training here.
There is an entrance to Kobet's Vocational Training here.
You can access your shopping list by pressing '$'.
Found a quarterstaff.
You see here a +0 quarterstaff.
Found a short sword.
You open the door.
A kobold comes into view. It is wielding a +0 short sword.
There is an open door here.
You pounce on the unaware helpless kobold!
You mangle the kobold!!
You kill the kobold!
Sif Muna accepts your kill.
You see here a +0 short sword.
You open the door.
There is an open door here.
A kobold comes into view. It is wielding a +0 club.
You pounce on the unaware helpless kobold!
You mangle the kobold!!
You kill the kobold!
Sif Muna accepts your kill.
Things that are here:
a +0 club; 5 stones
n - a golden potion
Found a dagger.
Really walk into a travel-excluded area? [Y]es or [N]o only, please.
Really walk into a travel-excluded area?
Okay, then.
You start waiting.
You are engulfed in blazing flames.
Ouch! That really hurt!
You die...

#.###.# #.##..##
#.###.#########..#
#'#.......... ##.##
#)#.......... ###)## #
####'#.#..#..#..
#....###
.#..#####....+..§.).....
#####...
..........####.8.☼....).
####
#########....+..○?......
#.##+#.#@○#..#.. #)##
#..........
#..#+#..........
#....###.#######
#.##.....# ## #.########
.# ... .# #..# .# #..#


There were no monsters in sight!

Vanquished Creatures
  A dart slug (D:1)
  A bat (D:1)
  2 endoplasms
  2 goblins
  3 hobgoblins (D:1)
  2 jackals (D:2)
  A quokka (D:1)
  3 ball pythons
  4 kobolds
  3 rats (D:1)
22 creatures vanquished.

Vanquished Creatures (others)
  7 fungi (D:6)
7 creatures vanquished.

Grand Total: 29 creatures vanquished

Notes
Turn   | Place    | Note
-------+----------+-------------------------------------------
     0 | D:5      | croobank the Felid Delver began the quest for the Orb.
     0 | D:5      | Reached XP level 1. HP: 10/10 MP: 2/2
    10 | D:6      | Noticed an iguana
    50 | D:6      | Noticed a scorpion
    52 | D:6      | Noticed a wight
    52 | D:6      | Noticed a wight
    53 | D:6      | Noticed a wight
    55 | D:6      | Noticed Maggie
    87 | D:5      | Found a shimmering blue altar of Sif Muna.
    91 | D:5      | Found a burning altar of Makhleb.
    99 | D:5      | Became a worshipper of Sif Muna the Loreminder
   101 | D:5      | Noticed a scorpion
   168 | D:5      | Found a staircase to the Ecumenical Temple.
  1073 | D:1      | Reached XP level 2. HP: 14/14 MP: 3/3
  1477 | D:1      | Found Kobet's Vocational Training.
  1602 | D:1      | Engulfed by a cloud of flame

Illustrated notes

Levels and vault maps discovered:
D:1:      shiori_arrival_oz, layout_loops_ring,
          shapermc_ecumenical_altar_notcrosses, nicolae_shop_vocational
D:2:      layout_loops_ring
D:3:      layout_loops_corners
D:4:      layout_basic, gammafunk_ghost_icy
D:5:      layout_gridville, grunt_temple_overflow_open, minmay_temple_entry_tees
D:6:      minmay_bubble_buster, layout_basic, serial_aquarium,
          aquarium_bridge_square [aquarium_subvault_bridge,
          aquarium_subvault_balcony, aquarium_subvault_wall,
          aquarium_subvault_bridge], aquarium_bridge_island_small
          [aquarium_subvault_small_water, aquarium_subvault_wall,
          aquarium_subvault_wall, aquarium_subvault_wall,
          aquarium_subvault_bridge], aquarium_window_fake, aquarium_window_2,
          aquarium_view_2b, aquarium_view_2f, aquarium_balcony_1b, uniq_maggie
D:7:      layout_layer_cave, serial_shops, nicolae_shop_stone,
          lightli_orcish_oven, uniq_crazy_yiuf_cottage

Skill      XL: |  1  2 |
---------------+-------+-----
Dodging        | 3 |  3.1
Fighting       | |  3.2
Stealth        | |  6.8
Unarmed Combat | |  2.3
Spellcasting   | |  0.8

Action                   || total
-------------------------++-------
Melee: Unarmed           ||    50
       Bite              ||     2
 Stab: Sleeping          ||    10
Armor: Skin              ||     6
Dodge: Dodged            ||    30
